Map: Overgrown Facility

Players

PureLegacy - Winner!

  • Race: Terran Terran
  • Spawn Location: 9:00

NeZloben - Winner!

  • Race: Protoss Protoss
  • League: Master
  • Spawn Location: 7:00

QuodEstVitae

  • Race: Terran Terran
  • Spawn Location: 1:00

Pretos

  • Race: Zerg Zerg
  • League: Diamond
  • Spawn Location: 3:00

VOD

Have the link to the VOD?

Description

Time

  • Played on: Nov. 29, 2018, 12:55 p.m.
  • Length: 8:22
Show
View Real Time Build Order
Export as new Build Order

PureLegacy Terran - Winner!

Build Orders:  

Get SALT Encoding   

  12  0:00  SCV  
  13  0:13  SCV  
  14  0:18  Supply Depot  
  14  0:26  SCV  
  15  0:30  Refinery  
  15  0:39  SCV  
  16  0:46  Barracks  
  16  0:52  SCV  
  17  1:05  Barracks  
  17  1:17  Barracks  
  17  1:21  SCV  
  18  1:33  Reaper  
  19  1:41  Orbital Command  
  19  1:49  Refinery  
  19  1:53  Reaper  
  20  2:01  Supply Depot  
  20  2:05  Reaper  
  21  2:10  Reaper  
  21  2:15  SCV  
  23  2:25  Reaper  
  23  2:27  SCV  
  23  2:29  Supply Depot  
  25  2:37  Reaper  
  25  2:42  SCV  
  27  2:47  Reaper  
  28  2:57  Reaper  
  29  3:05  SCV  
  30  3:09  Reaper  
  29  3:19  Reaper  
  30  3:29  Reaper  
  30  3:33  SCV, Command Center  
  32  3:41  Reaper  
  33  3:48  Supply Depot  
  33  3:50  SCV  
  33  3:58  Reaper  
  33  4:02  SCV  
  35  4:04  Engineering Bay  
  35  4:08  Reaper  
  36  4:16  Reaper  
  36  4:20  Barracks  
  36  4:21  Barracks  
  35  4:32  Reaper  
  35  4:35  SCV  
  35  4:37  Terran Infantry Weapons Level 1  
  37  4:40  Reaper  
  38  4:56  Reaper  
  38  4:57  SCV  
  40  5:04  Reaper  
  40  5:07  Reaper  
  40  5:08  Orbital Command  
  40  5:10  Refinery  
  40  5:11  Refinery  
  42  5:14  Reaper  
  42  5:17  Reaper  
  42  5:20  SCV  
  44  5:29  Reaper  
  45  5:41  Reaper  
  46  5:45  Reaper  
  46  5:46  SCV x2  
  47  5:53  Barracks  
  47  5:55  Barracks x2  
  47  5:56  Barracks  
  43  5:58  Reaper x2, SCV  
  43  6:00  SCV  
  48  6:11  Reaper  
  48  6:13  SCV x2  
  48  6:16  Supply Depot  
  48  6:18  Reaper x2  
  52  6:25  SCV x2  
  54  6:30  Reaper  
  55  6:37  SCV x2  
  57  6:41  Reaper x2  
  59  6:49  SCV  
  58  6:58  Reaper x4  
  58  6:59  Reaper x2  
  61  7:05  SCV x2  
  59  7:17  SCV x2  
  59  7:18  Reaper  
  62  7:24  Missile Turret  
  62  7:28  Missile Turret  
  62  7:29  SCV  
  63  7:31  Reaper  
  63  7:32  Reaper  
  65  7:38  SCV  
  65  7:41  SCV  
  67  7:48  Reaper  
  67  7:49  Reaper  
  67  7:58  Supply Depot, SCV x2  
Show
View Real Time Build Order
Export as new Build Order

NeZloben Protoss - Winner!

Build Orders: Oracle Opening 

Get SALT Encoding   

  12  0:01  Probe  
  13  0:13  Probe  
  14  0:18  Pylon  
  14  0:25  Probe  
  15  0:37  Probe  
  15  0:41  Gateway  
  16  0:46  Probe  
  16  0:48  Assimilator  
  17  0:54  Probe  
  17  1:04  Probe  
  19  1:12  Assimilator  
  19  1:16  Probe  
  20  1:22  Assimilator  
  20  1:28  Probe, Cybernetics Core  
  20  1:32  Zealot  
  23  1:38  Pylon  
  23  1:59  Probe  
  24  2:07  Stargate  
  24  2:11  Probe  
  25  2:23  Probe  
  26  2:31  Nexus  
  26  2:33  Stalker  
  26  2:38  Probe  
  29  3:01  Pylon  
  29  3:09  Oracle  
  29  3:15  Probe  
  33  3:20  Assimilator  
  33  3:27  Probe  
  33  3:30  Stargate  
  34  3:36  Oracle  
  34  3:39  Probe  
  35  3:45  Probe  
  39  3:52  Probe  
  40  3:57  Probe  
  41  4:04  Probe, Shield Battery  
  41  4:09  Probe  
  43  4:10  Oracle  
  43  4:13  Oracle  
  43  4:16  Probe  
  47  4:21  Probe  
  51  4:32  Probe  
  51  4:33  Probe  
  51  4:35  Assimilator  
  53  4:45  Probe  
  54  4:50  Oracle  
  54  5:00  Protoss Air Weapons Level 1  
  54  5:05  Pylon  
  54  5:06  Pylon  
  54  5:09  Forge  
  54  5:23  Oracle, Probe  
  54  5:25  Probe  
  59  5:35  Probe  
  60  5:37  Probe  
  61  5:47  Probe  
  62  5:58  Protoss Shields Level 1  
  62  6:00  Nexus  
  62  6:01  Pylon  
  62  6:03  Pylon  
  59  6:36  Phoenix x2  
  59  6:38  Probe  
  59  6:39  Stargate  
  65  6:40  Probe  
  65  6:41  Photon Cannon  
  65  6:43  Photon Cannon  
  65  6:47  Photon Cannon x2  
  65  6:49  Photon Cannon  
  65  6:50  Probe  
  65  6:51  Shield Battery  
  65  6:53  Shield Battery  
  66  6:56  Shield Battery  
  66  7:17  Probe x3  
  69  7:24  Phoenix x2  
  69  7:26  Photon Cannon, Phoenix  
  69  7:28  Photon Cannon  
  75  7:30  Photon Cannon, Pylon  
  75  7:33  Probe x3  
  75  7:36  Pylon  
  78  7:45  Probe  
  78  7:48  Probe x2  
Show
View Real Time Build Order
Export as new Build Order

QuodEstVitae Terran 

Build Orders: Reaper Expand 

Get SALT Encoding   

  12  0:01  SCV  
  13  0:13  SCV  
  14  0:19  Supply Depot  
  14  0:25  SCV  
  15  0:40  SCV  
  15  0:42  Barracks  
  16  0:48  Refinery  
  16  0:52  SCV  
  17  1:04  SCV  
  18  1:16  SCV  
  19  1:32  Orbital Command  
  19  1:34  Reaper  
  20  1:46  Command Center  
  20  1:55  Barracks  
  20  1:58  SCV  
  21  2:07  Supply Depot  
  21  2:08  Barracks Reactor  
  22  2:15  SCV  
  22  2:27  SCV  
  23  2:30  Factory  
  23  2:33  Refinery  
  23  2:39  SCV  
  24  2:44  Marine x2  
  24  2:45  Barracks Tech Lab  
  26  2:52  SCV  
  26  3:02  Marine x2  
  26  3:04  Marine, SCV  
  24  3:20  Marine, SCV x2  
  26  3:34  Marine x2  
  26  3:36  Stimpack  
  26  3:38  Marine, Orbital Command  
  26  3:41  SCV  
  30  3:51  Hellion  
  30  3:53  Starport  
  32  4:00  Engineering Bay  
  32  4:07  Marine x3  
  35  4:13  Supply Depot  
  35  4:17  SCV  
  35  4:18  SCV  
  35  4:23  Factory Reactor  
  37  4:27  Marine x3  
  40  4:32  Starport Tech Lab  
  40  4:33  Terran Infantry Weapons Level 1  
  40  4:40  Missile Turret, SCV  
  39  4:50  Marine x2  
  35  4:54  Banshee  
  32  5:06  Hellion x2  
  29  5:28  Hellion x2  
  8  5:54  Cloaking Field  
  8  6:05  SCV  
  9  6:43  Missile Turret  
  9  7:17  Orbital Command  
  9  7:18  SCV  
Show
View Real Time Build Order
Export as new Build Order

Pretos Zerg 

Build Orders: Hatch First 

Get SALT Encoding   

  12  0:00  Drone  
  13  0:13  Overlord  
  13  0:17  Drone  
  14  0:31  Drone x2  
  16  0:51  Hatchery  
  16  0:53  Drone  
  16  1:07  Spawning Pool  
  16  1:10  Extractor  
  14  1:12  Drone  
  14  1:17  Drone  
  16  1:20  Drone  
  16  1:25  Drone  
  18  1:34  Overlord  
  18  1:47  Drone  
  18  1:54  Queen  
  21  2:03  Queen  
  21  2:04  Zergling x2  
  21  2:06  Zergling x2  
  25  2:13  Metabolic Boost  
  25  2:21  Drone x2  
  27  2:25  Overlord  
  27  2:31  Drone  
  27  2:32  Drone  
  27  2:35  Drone  
  30  2:40  Overlord  
  30  2:53  Drone x2  
  30  2:58  Drone  
  33  3:02  Zergling x2  
  34  3:09  Zergling x4  
  34  3:10  Zergling x4  
  38  3:16  Zergling x8  
  42  3:23  Zergling x2  
  41  3:30  Zergling x2  
  42  3:38  Drone x2  
  44  3:44  Baneling Nest, Hatchery  
  44  3:45  Drone  
  44  3:47  Roach Warren  
  41  3:58  Drone x3  
  41  3:59  Drone x3  
  41  4:02  Spore Crawler  
  46  4:04  Spore Crawler  
  46  4:06  Drone  
  46  4:08  Drone  
  47  4:12  Extractor  
  45  4:18  Zergling x6  
  45  4:20  Drone x2  
  45  4:22  Drone  
  49  4:29  Zergling x2  
  49  4:30  Zergling x4  
  49  4:31  Zergling x2  
  48  4:32  Zergling x2  
  48  4:38  Roach  
  49  4:42  Roach  
  51  4:51  Overlord  
  51  4:53  Overlord  
  50  5:04  Roach  
  50  5:05  Roach x3  
  50  5:07  Roach  
  53  5:13  Drone x2  
  55  5:14  Queen  
  55  5:18  Roach  
  55  5:20  Zergling x2  
  55  5:21  Zergling x2  
  59  5:24  Drone  
  59  5:28  Extractor, Zergling x6  
  62  5:30  Roach x2  
  66  5:37  Drone  
  66  5:41  Roach  
  67  5:44  Drone  
  67  5:45  Drone x3  
  71  5:52  Hatchery  
  71  5:53  Drone  
  71  5:54  Drone  
  72  5:57  Drone  
  72  5:59  Extractor  
  69  6:13  Drone x4  
  71  6:25  Queen x2  
  66  6:26  Queen  
  72  6:34  Spore Crawler  
  72  6:37  Spore Crawler, Drone x3  
  72  6:38  Spore Crawler  
  73  6:40  Drone x2  
  62  7:02  Drone x3  
  62  7:03  Drone x3  
  62  7:05  Drone x4  
  62  7:06  Drone  
  62  7:07  Drone  
  62  7:08  Drone x2  
  76  7:10  Drone  
  76  7:11  Drone  
  78  7:19  Spore Crawler  
  78  7:20  Spore Crawler  
  78  7:21  Drone x3  
  79  7:37  Drone  
  78  7:47  Roach  
  78  7:48  Roach x3  
  78  7:49  Overlord x2  
  78  7:51  Zergling x10  
  75  7:52  Zergling x2  
  80  8:02  Roach x2  
  80  8:03  Roach x2  
Tags
 
Add a new tag
Caveats
  • Supply blocks, unpowered buildings, or Contaminate may cause inaccurate times.
  • Supply counts are checked every 10 seconds.